TOP OF THE 1ST |
Cedar Rapids Kernels batting - Pitching for West Michigan Whitecaps : RHP John Harrell
|
Pitching: RHP John Harrell
|
|
Batting: LHB Jim Pankratz
|
0-0: Ball 1-0: Ball 2-0: Ball 3-0: Called Strike 3-1: Swinging Strike 3-2: Foul Ball, location: 2F 3-2: Strikes out swinging
|
Batting: LHB Mike Handrahan
|
0-0: SINGLE (Line Drive, 34D, EV 100.0 MPH)
|
Batting: SHB Shohei Fujii
|
0-0: Foul Ball, location: 2F 0-1: Ball 1-1: Ball 2-1: Ball 3-1: Base on Balls Mike Handrahan to second
|
Batting: RHB Jon Avila
|
0-0: Grounds into double play, 3-6-3 (Groundball, 34, EV 100.6 MPH)
|
Top of the 1st over - 0 runs, 1 hit, 0 errors, 1 left on base; Cedar Rapids 0 - West Michigan 0 |
BOTTOM OF THE 1ST |
West Michigan Whitecaps batting - Pitching for Cedar Rapids Kernels : RHP Chad Casey
|
Pitching: RHP Chad Casey
|
|
Batting: SHB Adam Weber
|
0-0: Ball 1-0: Ball 2-0: Ball 3-0: Base on Balls
|
Batting: RHB Eric Angelle
|
0-0: Ball 1-0: Called Strike Adam Weber steals 2nd base 1-1: Ball 2-1: Fly out, F8 (Line Drive, 8RM, EV 89.4 MPH)
|
Batting: SHB Andy Vivas
|
0-0: Foul Ball, location: 2F 0-1: Fly out, F9 (Flyball, 9, EV 84.4 MPH)
|
Batting: RHB Bill Cabrera
|
0-0: 2-RUN HOME RUN (Flyball, 9D, EV 96.3 MPH), Distance : 373 ft
|
Batting: RHB Victor Reyes
|
0-0: Ball 1-0: Ball 2-0: TRIPLE (Flyball, 9LD, EV 99.4 MPH)
|
Batting: RHB Vince Chipman
|
0-0: Ball 1-0: Foul Ball, location: 2F 1-1: Ball 2-1: Ball 3-1: Base on Balls
|
Batting: LHB Jeff Trapp
|
0-0: Called Strike 0-1: Fly out, F8 (Line Drive, 8RD, EV 105.6 MPH)
|
Bottom of the 1st over - 2 runs, 2 hits, 0 errors, 2 left on base; Cedar Rapids 0 - West Michigan 2 |
TOP OF THE 2ND |
Cedar Rapids Kernels batting - Pitching for West Michigan Whitecaps : RHP John Harrell
|
Batting: RHB Brian Gustus
|
0-0: Called Strike 0-1: Ground out 5-3 (Groundball, 56, EV 81.9 MPH)
|
Batting: SHB Roberto Camarena
|
0-0: Called Strike 0-1: Swinging Strike 0-2: Ball 1-2: Strikes out swinging
|
Batting: RHB Jake Wirthlin
|
0-0: Called Strike 0-1: Ball 1-1: Ball 2-1: Ball 3-1: Ground out U3 (Groundball, 3S, EV 71.9 MPH)
|
Top of the 2nd over - 0 runs, 0 hits, 0 errors, 0 left on base; Cedar Rapids 0 - West Michigan 2 |
BOTTOM OF THE 2ND |
West Michigan Whitecaps batting - Pitching for Cedar Rapids Kernels : RHP Chad Casey
|
Batting: RHB Mike Olsen
|
0-0: Foul Ball, location: 2F 0-1: Foul Ball, location: 2F 0-2: Strikes out swinging
|
Batting: RHB Jamie Bass
|
0-0: Ball 1-0: Fly out, F8 (Flyball, 8RS, EV 84.4 MPH)
|
Batting: SHB Adam Weber
|
0-0: Ball 1-0: Ball 2-0: Ball 3-0: Base on Balls
|
Batting: RHB Eric Angelle
|
0-0: Ball 1-0: Called Strike 1-1: Called Strike 1-2: Foul Ball, location: 2F 1-2: Fly out, F8 (Flyball, 78S, EV 83.1 MPH)
|
Bottom of the 2nd over - 0 runs, 0 hits, 0 errors, 1 left on base; Cedar Rapids 0 - West Michigan 2 |
TOP OF THE 3RD |
Cedar Rapids Kernels batting - Pitching for West Michigan Whitecaps : RHP John Harrell
|
Batting: RHB Orlando Blanco
|
0-0: Ball 1-0: Called Strike 1-1: Ground out 6-3 (Groundball, 6M, EV 102.5 MPH)
|
Batting: SHB Duri Chilemba
|
0-0: Ball 1-0: SINGLE (Groundball, 56D, EV 108.8 MPH)
|
Batting: LHB Jim Pankratz
|
0-0: Ball 1-0: Fielders Choice at 2nd, 4-6 (Groundball, 4, EV 82.5 MPH)
|
Batting: LHB Mike Handrahan
|
0-0: Ball Jim Pankratz is caught stealing 2nd base 2-6
|
Top of the 3rd over - 0 runs, 1 hit, 0 errors, 0 left on base; Cedar Rapids 0 - West Michigan 2 |
BOTTOM OF THE 3RD |
West Michigan Whitecaps batting - Pitching for Cedar Rapids Kernels : RHP Chad Casey
|
Batting: SHB Andy Vivas
|
0-0: Foul Ball, location: 2F 0-1: Ball 1-1: Swinging Strike 1-2: Fly out, F9 (Line Drive, 9, EV 90.0 MPH)
|
Batting: RHB Bill Cabrera
|
0-0: Foul Ball, location: 2F 0-1: Ball 1-1: Ball 2-1: SINGLE (Groundball, 6M, EV 101.9 MPH)
|
Batting: RHB Victor Reyes
|
0-0: Ball 1-0: Ball 2-0: Ball 3-0: Base on Balls Bill Cabrera to second
|
Batting: RHB Vince Chipman
|
0-0: Called Strike 0-1: Ball 1-1: Foul Ball, location: 2F 1-2: Ball 2-2: Grounds into double play, 6-4-3 (Groundball, 6, EV 91.9 MPH)
|
Bottom of the 3rd over - 0 runs, 1 hit, 0 errors, 1 left on base; Cedar Rapids 0 - West Michigan 2 |
TOP OF THE 4TH |
Cedar Rapids Kernels batting - Pitching for West Michigan Whitecaps : RHP John Harrell
|
Batting: LHB Mike Handrahan
|
0-0: Ball 1-0: Ball 2-0: Called Strike 2-1: Called Strike 2-2: Foul Ball, location: 2F 2-2: Ball 3-2: SINGLE (Line Drive, 7LS, EV 106.9 MPH)
|
Batting: SHB Shohei Fujii
|
0-0: Ball 1-0: Foul Ball, location: 2F 1-1: Foul Ball, location: 2F 1-2: Ball 2-2: Foul Ball, location: 2F 2-2: Strikes out swinging
|
Batting: RHB Jon Avila
|
0-0: Fly out, F1 (Line Drive, P, EV 65.6 MPH)
|
Batting: RHB Brian Gustus
|
0-0: Ball 1-0: Fly out, F8 (Flyball, 78D, EV 98.8 MPH)
|
Top of the 4th over - 0 runs, 1 hit, 0 errors, 1 left on base; Cedar Rapids 0 - West Michigan 2 |
BOTTOM OF THE 4TH |
West Michigan Whitecaps batting - Pitching for Cedar Rapids Kernels : RHP Chad Casey
|
Batting: LHB Jeff Trapp
|
0-0: Ball 1-0: Called Strike 1-1: Ball 2-1: Swinging Strike 2-2: Foul Ball, location: 2F 2-2: Ball 3-2: Base on Balls
|
Batting: RHB Mike Olsen
|
0-0: Ball 1-0: Called Strike 1-1: Ball 2-1: Fielders Choice at 2nd, 3-6 (Groundball, 34, EV 86.3 MPH)
|
Batting: RHB Jamie Bass
|
0-0: Called Strike 0-1: SINGLE (Flyball, 56D, EV 93.8 MPH) Mike Olsen to second
|
Batting: SHB Adam Weber
|
0-0: Foul Ball, location: 2F 0-1: Ball 1-1: Ground out 5-3 (Groundball, 56S, EV 69.4 MPH) Mike Olsen to third Jamie Bass to second
|
Batting: RHB Eric Angelle
|
0-0: Ball 1-0: Swinging Strike 1-1: Foul Ball, location: 2F 1-2: Strikes out looking
|
Bottom of the 4th over - 0 runs, 1 hit, 0 errors, 2 left on base; Cedar Rapids 0 - West Michigan 2 |
TOP OF THE 5TH |
Cedar Rapids Kernels batting - Pitching for West Michigan Whitecaps : RHP John Harrell
|
Batting: SHB Roberto Camarena
|
0-0: Ball 1-0: Ball 2-0: Bunt missed! 2-1: Ground out 5-3 (Groundball, 56S, EV 94.4 MPH)
|
Batting: RHB Jake Wirthlin
|
0-0: Called Strike 0-1: Ball 1-1: Ball 2-1: Called Strike 2-2: Ball 3-2: Foul Ball, location: 2F 3-2: Ground out 3-1 (Groundball, 34, EV 103.1 MPH)
|
Batting: RHB Orlando Blanco
|
0-0: Ball 1-0: Foul Ball, location: 2F 1-1: Ball 2-1: Ground out U3 (Groundball, 13, EV 78.8 MPH)
|
Top of the 5th over - 0 runs, 0 hits, 0 errors, 0 left on base; Cedar Rapids 0 - West Michigan 2 |
BOTTOM OF THE 5TH |
West Michigan Whitecaps batting - Pitching for Cedar Rapids Kernels : RHP Chad Casey
|
Batting: SHB Andy Vivas
|
0-0: Called Strike 0-1: Ball 1-1: Foul Ball, location: 2F 1-2: Ball 2-2: Strikes out swinging
|
Batting: RHB Bill Cabrera
|
0-0: Called Strike 0-1: Foul Ball, location: 2F 0-2: Ball 1-2: Strikes out looking
|
Batting: RHB Victor Reyes
|
0-0: SOLO HOME RUN (Flyball, 7LD, EV 91.3 MPH), Distance : 340 ft
|
Batting: RHB Vince Chipman
|
0-0: Ball 1-0: Called Strike 1-1: Ball 2-1: Ground out 4-3 (Groundball, 4, EV 106.9 MPH)
|
Bottom of the 5th over - 1 run, 1 hit, 0 errors, 0 left on base; Cedar Rapids 0 - West Michigan 3 |
TOP OF THE 6TH |
Cedar Rapids Kernels batting - Pitching for West Michigan Whitecaps : RHP John Harrell
|
Batting: SHB Duri Chilemba
|
0-0: Ball 1-0: Called Strike 1-1: Foul Ball, location: 2F 1-2: Ground out U3 (Groundball, 34, EV 88.1 MPH)
|
Batting: LHB Jim Pankratz
|
0-0: Swinging Strike 0-1: Foul Ball, location: 2F 0-2: Strikes out swinging
|
Batting: LHB Mike Handrahan
|
0-0: Ball 1-0: Called Strike 1-1: Foul Ball, location: 2F 1-2: DOUBLE (Groundball, 3L, EV 105.0 MPH)
|
Batting: SHB Shohei Fujii
|
0-0: Ball 1-0: Fly out, F8 (Flyball, 8LM, EV 88.1 MPH)
|
Top of the 6th over - 0 runs, 1 hit, 0 errors, 1 left on base; Cedar Rapids 0 - West Michigan 3 |
BOTTOM OF THE 6TH |
West Michigan Whitecaps batting - Pitching for Cedar Rapids Kernels : RHP Chad Casey
|
Pitching: RHP Bruce Wight
|
|
Batting: LHB Jeff Trapp
|
0-0: DOUBLE (Line Drive, 89D, EV 106.9 MPH)
|
Batting: RHB Mike Olsen
|
0-0: Intentional Walk
|
Batting: RHB Jamie Bass
|
0-0: Called Strike 0-1: Reached via error on a dropped throw from 2B, E6 (Groundball, 4, EV 86.9 MPH) Jeff Trapp to third Mike Olsen to second
|
Batting: SHB Adam Weber
|
0-0: Foul Ball, location: 2F 0-1: Ball 1-1: Swinging Strike 1-2: Foul Ball, location: 2F 1-2: Strikes out swinging
|
Batting: RHB Eric Angelle
|
0-0: Called Strike 0-1: Foul Ball, location: 2F 0-2: Foul Ball, location: 2F 0-2: Foul Ball, location: 2F 0-2: Ball 1-2: Strikes out swinging
|
Batting: SHB Andy Vivas
|
0-0: Called Strike 0-1: Ball 1-1: Foul Ball, location: 2F 1-2: Ball 2-2: Foul Ball, location: 2F 2-2: SINGLE (Flyball, 5D, EV 98.1 MPH) Jeff Trapp scores Mike Olsen to third Jamie Bass to second Runner from 3rd tries for Home, SAFE, throw by LF to home
|
Batting: RHB Bill Cabrera
|
0-0: Swinging Strike 0-1: Ball 1-1: Ball 2-1: Foul Ball, location: 2F 2-2: Foul Ball, location: 2F 2-2: Ball 3-2: Foul Ball, location: 2F 3-2: Base on Balls Jamie Bass to third Andy Vivas to second
|
Batting: RHB Victor Reyes
|
0-0: Called Strike 0-1: Ball 1-1: Fly out, F7 (Line Drive, 7, EV 102.5 MPH)
|
Bottom of the 6th over - 2 runs, 2 hits, 1 error, 3 left on base; Cedar Rapids 0 - West Michigan 5 |
TOP OF THE 7TH |
Cedar Rapids Kernels batting - Pitching for West Michigan Whitecaps : RHP John Harrell
|
Batting: RHB Jon Avila
|
0-0: Ball 1-0: Called Strike 1-1: Called Strike 1-2: Ball 2-2: Foul Ball, location: 2F 2-2: Ball 3-2: Foul Ball, location: 2F 3-2: Strikes out swinging
|
Batting: RHB Brian Gustus
|
0-0: Called Strike 0-1: Called Strike 0-2: Ball 1-2: Ball 2-2: Ball 3-2: Ground out 6-3 (Groundball, 6, EV 82.5 MPH)
|
Batting: SHB Roberto Camarena
|
0-0: Foul Ball, location: 2F 0-1: Ball 1-1: Ground out 6-3 (Groundball, 6S, EV 81.9 MPH)
|
Top of the 7th over - 0 runs, 0 hits, 0 errors, 0 left on base; Cedar Rapids 0 - West Michigan 5 |
BOTTOM OF THE 7TH |
West Michigan Whitecaps batting - Pitching for Cedar Rapids Kernels : RHP Bruce Wight
|
Batting: RHB Vince Chipman
|
0-0: Called Strike 0-1: Called Strike 0-2: Ball 1-2: Ball 2-2: Foul Ball, location: 2F 2-2: Strikes out looking
|
Batting: LHB Jeff Trapp
|
0-0: Foul Ball, location: 2F 0-1: Foul Ball, location: 2F 0-2: SINGLE (Groundball, 4MD, EV 96.9 MPH)
|
Pitching: RHP Andy Symons
|
|
Batting: RHB Mike Olsen
|
Balk! Jeff Trapp to second 0-0: Ball 1-0: Ball 2-0: Called Strike 2-1: Swinging Strike 2-2: Foul Ball, location: 2F 2-2: Ball 3-2: Base on Balls
|
Batting: RHB Jamie Bass
|
0-0: Called Strike 0-1: Foul Ball, location: 2F 0-2: Ball 1-2: Ball 2-2: Foul Ball, location: 2F 2-2: Grounds into double play, 4-6-3 (Groundball, 4, EV 93.1 MPH)
|
Bottom of the 7th over - 0 runs, 1 hit, 0 errors, 1 left on base; Cedar Rapids 0 - West Michigan 5 |
TOP OF THE 8TH |
Cedar Rapids Kernels batting - Pitching for West Michigan Whitecaps : RHP John Harrell
|
Batting: RHB Jake Wirthlin
|
0-0: Ball 1-0: Ball 2-0: Ball 3-0: Base on Balls
|
Pitching: RHP Daisuke Tashima
|
|
Batting: RHB Orlando Blanco
|
0-0: Called Strike 0-1: Called Strike 0-2: Fly out, F9 (Flyball, 89D, EV 91.9 MPH)
|
Batting: SHB Duri Chilemba
|
0-0: Swinging Strike 0-1: Swinging Strike 0-2: Strikes out looking
|
Batting: LHB Jim Pankratz
|
0-0: Foul Ball, location: 2F 0-1: Ball 1-1: Swinging Strike 1-2: Foul Ball, location: 2F 1-2: SINGLE (Groundball, 6M, EV 103.1 MPH) (infield hit) Jake Wirthlin to second
|
Batting: LHB Mike Handrahan
|
0-0: Called Strike 0-1: Foul Ball, location: 2F 0-2: Ball 1-2: Ball 2-2: Ball 3-2: Foul Ball, location: 2F 3-2: Foul Ball, location: 2F 3-2: Foul Ball, location: 2F 3-2: Strikes out swinging
|
Top of the 8th over - 0 runs, 1 hit, 0 errors, 2 left on base; Cedar Rapids 0 - West Michigan 5 |
BOTTOM OF THE 8TH |
West Michigan Whitecaps batting - Pitching for Cedar Rapids Kernels : RHP Andy Symons
|
Batting: SHB Adam Weber
|
0-0: Ball 1-0: Swinging Strike 1-1: Ground out 4-3 (Groundball, 4, EV 88.8 MPH)
|
Batting: RHB Eric Angelle
|
0-0: Ball 1-0: SINGLE (Groundball, 34D, EV 105.6 MPH)
|
Batting: SHB Andy Vivas
|
0-0: Called Strike Eric Angelle steals 2nd base (no throw) 0-1: Called Strike 0-2: Ball 1-2: Ball 2-2: Ball 3-2: Base on Balls
|
Batting: RHB Bill Cabrera
|
0-0: Ball 1-0: SINGLE (Line Drive, 56, EV 101.3 MPH) Eric Angelle to third Andy Vivas to second
|
Batting: RHB Victor Reyes
|
0-0: Foul Ball, location: 2F 0-1: Ball 1-1: Called Strike 1-2: Strikes out swinging
|
Batting: RHB Vince Chipman
|
0-0: Foul Ball, location: 2F 0-1: Swinging Strike 0-2: Ball 1-2: Foul Ball, location: 2F 1-2: Strikes out looking
|
Bottom of the 8th over - 0 runs, 2 hits, 0 errors, 3 left on base; Cedar Rapids 0 - West Michigan 5 |
TOP OF THE 9TH |
Cedar Rapids Kernels batting - Pitching for West Michigan Whitecaps : RHP Daisuke Tashima
|
Batting: SHB Shohei Fujii
|
0-0: Called Strike 0-1: Swinging Strike 0-2: Foul Ball, location: 2F 0-2: Strikes out swinging
|
Batting: RHB Jon Avila
|
0-0: Ball 1-0: Ground out 4-3 (Groundball, 4, EV 108.1 MPH)
|
Batting: RHB Brian Gustus
|
0-0: Called Strike 0-1: Ball 1-1: Called Strike 1-2: Ground out 4-3 (Groundball, 4, EV 91.9 MPH)
|
Top of the 9th over - 0 runs, 0 hits, 0 errors, 0 left on base; Cedar Rapids 0 - West Michigan 5 |
|